 Dungeon Crawl Stone Soup version 0.17-a0-701-gb6462b4 (webtiles) character file.

213616 Fluffy the Warrior (level 18, -17/160 HPs)
             Began as a Demonspawn Gladiator on Apr 15, 2015.
             Was the Champion of Ashenzari.
             Killed from afar by an octopode crusher (23 damage)
             ... with an iron shot
             ... on level 2 of the Shoals on Apr 19, 2015.
             The game lasted 03:21:44 (40479 turns).

Fluffy the Warrior (Demonspawn Gladiator)          Turns: 40479, Time: 03:21:46

Health: -17/160    AC: 40    Str: 23    XL:     18   Next: 27%
Magic:  0/18       EV: 10    Int: 10    God:    Ashenzari [******]
Gold:   2412       SH:  0    Dex: 16    Spells: 0 memorised, 17 levels left

rFire  + + +     SeeInvis +     j - +3 great sword (flame) (curse)
rCold  + . .     Clarity  +     l - +2 plate armour {rC+} (curse)
rNeg   . . .     SustAb   .     (no shield)
rPois  +         Gourm    .     h - +0 hat of Anaesthesia {-Cast rElec rF+ Str+3} (curse)
rElec  +         Spirit   +     C - +2 cloak {rPois} (curse)
rCorr  .         Warding  .     Y - +1 pair of gloves {rF+} (curse)
rMut   .         Stasis   .     U - +0 pair of boots (curse)
MR     +....     NoCast   +     y - amulet of regeneration (curse)
Stlth  ..........               P - ring of protection from fire
                                g - ring of protection from fire (curse)

@: studying Air Magic, somewhat resistant to hostile enchantments, extremely
unstealthy
A: antennae 2, rough black scales 3, agile 1, powered by pain 2, magic shield,
magic regeneration
a: Scrying, Transfer Knowledge, Renounce Religion
}: 1/15 runes: serpentine


You were on level 2 of the Shoals.
You worshipped Ashenzari.
Ashenzari was exalted by your worship.
You were not hungry.

You visited 6 branches of the dungeon, and saw 35 of its levels.
You visited the Abyss 2 times.
You also visited: Ossuary, Ice Cave and Volcano.

You collected 3736 gold pieces.
You spent 1324 gold pieces at shops.

Inventory:

Hand weapons
 j - a cursed +3 great sword of flaming (weapon)
Missiles
 d - 6 throwing nets (quivered)
Armour
 h - the cursed +0 hat of Anaesthesia (worn) {-Cast rElec rF+ Str+3}
   (You bought it in a shop on level 4 of the Orcish Mines)

   It affects your strength (+3).
   It protects you from fire.
   It insulates you from electricity.
   It prevents spellcasting.
   It has a curse placed upon it.
 l - a cursed +2 plate armour of cold resistance (worn)
 t - the +7 chain mail "Omepn" {rN+ Int+4 Dex+6}
   (You bought it in a shop on level 4 of the Orcish Mines)

   It affects your intelligence (+4).
   It affects your dexterity (+6).
   It protects you from negative energy.
 C - a cursed +2 cloak of poison resistance (worn)
 E - the cursed +1 cloak of the Kraken {rN++ Int-3 SInv}
   (You acquired it on level 8 of the Lair of Beasts)

   It affects your intelligence (-3).
   It greatly protects you from negative energy.
   It enhances your eyesight.
   It has a curse placed upon it.
 K - a +0 pair of boots of cold resistance
 U - a cursed +0 pair of boots (worn)
 Y - a cursed +1 pair of gloves of fire resistance (worn)
Jewellery
 g - a cursed ring of protection from fire (left hand)
 y - a cursed amulet of regeneration (around neck)
 N - an uncursed amulet of resist mutation
 P - a ring of protection from fire (right hand)
 W - an uncursed ring of protection from cold
Magical devices
 a - a wand of cold (5)
 i - a wand of heal wounds (5)
 H - a wand of draining (4)
 L - a wand of teleportation (2)
 S - a wand of invisibility (2)
Scrolls
 b - 6 scrolls of remove curse
 k - a scroll of identify
 m - 3 scrolls of curse jewellery
 v - 4 scrolls of curse armour
 z - 6 scrolls of magic mapping
 A - a scroll of silence
 D - 6 scrolls of recharging
 M - a scroll of brand weapon
 O - 2 scrolls of enchant armour
 Q - 7 scrolls of teleportation
 T - 6 scrolls of blinking
 Z - a scroll of summoning
Potions
 c - 4 potions of resistance
 e - a potion of cure mutation
 n - a potion of magic
 q - 10 potions of restore abilities
 r - 5 potions of agility
 u - 8 potions of curing
 w - 2 potions of might
 I - 2 potions of flight
 J - 3 potions of invisibility
Books
 x - a manual of Air Magic
Miscellaneous
 B - a fan of gales
 F - a stone of tremors
Comestibles
 f - 10 bread rations
 o - 7 meat rations
 p - 4 beef jerkies
 R - 3 fruits
 V - 11 royal jellies


   Skills:
 + Level 19.0 Fighting
 + Level 17.5(22.4) Long Blades
 - Level 1.7 Throwing
 + Level 16.6(21.7) Armour
 - Level 2.6 Dodging


You had 17 spell levels left.
You didn't know any spells.

Dungeon Overview and Level Annotations

Branches:
Dungeon (15/15)            Temple (1/1) D:4            Lair (8/8) D:8
 Shoals (2/5) Lair:6        Snake (5/5) Lair:6        Slime (0/6) Lair:8
    Orc (4/4) D:9             Elf (0/3) Orc:4        Vaults (0/5) D:14
 Depths (0/5) D:15

Altars:
Ashenzari
Cheibriados
Dithmenos
Elyvilon
Fedhas
Gozag
Kikubaaqudgha
Makhleb
Nemelex Xobeh
Okawaru
Qazlal
Ru
Sif Muna
Trog
Vehumet
Xom
Yredelemnul
Zin
The Shining One
Beogh
Jiyva

Shops:
D:8 :   Orc:4 *}[(=   Shoals:1 ?:%   Snake:5 !!([

Portals:
Hell: Lair:8

Annotations:
D:8 1 runed door


Innate Abilities, Weirdness & Mutations

You have a pair of antennae on your head.
You are completely covered in rough black scales (AC +10, Dex -3).
You sometimes gain power by taking damage.
When hurt, damage is shared between your health and your magic reserves.
You regenerate magic rapidly.
You are agile. (Dex +2)


Message History

* * * LOW HITPOINT WARNING * * *
The octopode crusher constricts you.
You slash the merfolk! You burn the merfolk.
You kill the merfolk!
You hear a splash.
Your unstable footing causes you to fumble your attack.
The octopode crusher throws you!
Splash!
* * * LOW HITPOINT WARNING * * *
Evoke which item? (* to show all) (? for menu, Esc to quit)
Zapping:
H - a wand of draining {zapped: 3} (will waste charges)
Press: ? - help, Shift-Dir - straight line, f/p - octopode crusher
Aim: an octopode crusher, wearing a hat and wearing a glowing shield (severely wounded, lightly drained)
The bolt of negative energy hits the octopode crusher.
The octopode crusher is drained!
The octopode crusher is almost dead.
Evoking this partially-identified wand wasted a few charges.
The octopode crusher casts a spell at you.
The iron shot hits you!
You die...

≈PP..##≈≈≈≈## ≈≈≈≈##≈≈ ≈≈≈≈≈≈≈≈≈≈
≈.≈.)#8≈≈≈##8# ≈≈≈8# ≈≈≈≈≈≈≈≈≈≈≈
≈≈...##≈≈##...##≈≈##≈ ≈≈≈≈≈≈≈≈≈≈≈
≈....#8≈≈#...≈≈#≈≈8# ≈≈≈≈≈≈≈≈.≈≈≈
≈≈^..#* {#....≈#x)##≈≈≈≈≈≈≈≈≈≈.#.
.....# {,+....≈)≈.##≈≈≈≈≈≈≈...##.
...P.# { +...≈≈'≈.##...≈≈≈≈......
≈≈...##≈.#..≈≈≈#≈≈##≈≈≈≈≈≈.......
P≈...#8≈≈#...≈≈#@≈8#≈.≈≈≈≈..###..
P....##≈≈##.≈≈##≈≈##..≈≈≈...###.≈
P..."#8≈≈≈##8##≈≈≈8#..≈.≈≈..##...
.P...##≈≈≈≈###≈≈≈≈##...)≈.≈....≈≈
..(...##≈≈≈# #≈≈≈##...().†...≈≈≈≈
..(....#≈≈≈# #≈≈≈#........≈≈≈≈≈≈≈
....(..##≈(# #≈≈##..).....≈≈≈≈≈≈≈
.....(..##)# #)##..........≈≈≈≈≈≈
(.....(.))#####.....P......≈≈≈≈≈≈


You could see an octopode crusher.

Vanquished Creatures
  Mara (twice) (Snake:4)
  Norris (Snake:4)
  Saint Roka (Orc:3)
  Vashnia (Snake:4)
  Rupert (Lair:7)
  5 greater nagas (Snake:5)
  Aizul (Snake:3)
  Louise (D:14)
  An orc warlord (Orc:4)
  The ghost of UristPineapples the Brawler, a powerful TrMo (D:15)
  3 rakshasas (D:14)
  Azrael (D:13)
  2 blizzard demons (IceCv)
  A vault guard (D:14)
  A yaktaur captain (D:15)
  2 merfolk impalers (Shoals:2)
  A fire dragon (Lair:8)
  Josephine (Lair:5)
  9 hydras
  Harold (D:11)
  15 naga warriors
  The ghost of Radiman the Executioner, a powerful HOBe of Trog (Lair:1)
  A merfolk aquamancer (Shoals:1)
  A catoblepas (D:14)
  3 centaur warriors
  10 anacondas
  Erica (D:8)
  9 death yaks
  18 naga sharpshooters
  A hell beast (Lair:8)
  2 orc high priests (Orc:4)
  6 shock serpents
  Sonja (D:13)
  Nergalle (D:10)
  2 sea snakes
  2 unseen horrors
  11 naga ritualists
  A wizard (Lair:8)
  4 ice devils (IceCv)
  4 hill giants
  2 ice statues (IceCv)
  An orc sorcerer (Orc:3)
  5 griffons
  2 orc knights (Orc:3)
  7 mana vipers
  A wolf spider zombie (D:13)
  2 water nymphs (Shoals:1)
  A lindwurm (Volcano)
  6 ugly things
  2 fauns (Shoals:2)
  8 salamanders
  11 sirens
  5 cyclopes
  4 manticores
  4 elephants (Lair:8)
  20 naga magi
  2 guardian serpents
  Joseph (Lair:1)
  3 torpor snails
  38 black mambas
  A gargoyle (D:12)
  A demonic crawler (Abyss:1)
  14 spiny frogs
  A hellwing (Lair:8)
  6 orange demons (Lair:8)
  A yaktaur (D:15)
  9 komodo dragons
  3 red devils
  10 trolls
  A kobold demonologist (D:13)
  21 merfolk
  11 blue devils
  3 two-headed ogres
  8 fire drakes
  8 snapping turtles
  Grinder (D:5)
  4 slime creatures
  4 raiju (Abyss:1)
  28 blink frogs
  A shadow (D:15)
  8 water elementals
  3 wyverns
  A trapdoor spider (D:13)
  A vampire (D:15)
  4 wraiths
  A deep elf fighter (D:8)
  68 yaks
  5 fire elementals (D:13)
  3 hungry ghosts
  7 basilisks
  A vampire mosquito (D:14)
  6 wargs
  13 wolves
  4 fire bats (Volcano)
  16 hippogriffs
  A mottled dragon (D:14)
  Edmund (D:6)
  4 hell hounds
  An ice beast (IceCv)
  27 water moccasins
  60 nagas
  44 orc warriors
  9 porcupines
  Duvessa (D:6)
  A wasp (Lair:4)
  4 black bears
  2 phantoms
  A necrophage (D:11)
  5 sky beasts
  A hornet simulacrum (D:15)
  2 eyes of draining
  12 ogres
  8 centaurs
  2 boring beetles
  13 crocodiles
  3 big kobolds
  15 giant frogs
  A small abomination (Abyss:1)
  A hell hound zombie (D:13)
  2 gnoll sergeants
  Dowan (D:6)
  A wyvern skeleton (D:8)
  5 scorpions
  12 killer bees
  5 wights (D:14)
  5 electric eels
  5 centaur zombies
  21 orc priests
  9 starcursed masses (Abyss:1)
  7 crimson imps
  2 quasits
  Crazy Yiuf (D:7)
  A giant frog zombie (D:13)
  11 jellies
  4 hounds
  6 centaur skeletons
  A giant frog skeleton (D:11)
  8 iguanas
  41 orc wizards
  12 worker ants
  A killer bee zombie (D:7)
  4 big kobold zombies (Ossuary)
  23 sheep
  A hound skeleton (D:10)
  2 mummies (Ossuary)
  A worker ant zombie (D:6)
  6 gnolls
  12 adders
  42 river rats
  9 white imps (IceCv)
  5 shadow imps
  5 ufetubi (IceCv)
  8 oozes
  An adder zombie (Ossuary)
  2 adder skeletons
  4 giant geckos
  194 orcs
  21 bats
  2 bat skeletons (D:7)
  4 giant cockroaches
  19 goblins
  11 hobgoblins
  4 quokkas
  2 giant gecko skeletons
  4 giant newts
  8 hobgoblin zombies (Ossuary)
  7 jackals
  2 jackal zombies (Ossuary)
  28 kobolds
  12 kobold zombies (Ossuary)
  7 orc zombies (Ossuary)
  A quokka zombie (D:6)
  24 rats
  2 rat zombies (Ossuary)
  A ballistomycete (D:15)
1391 creatures vanquished.

Vanquished Creatures (others)
  A shock serpent (Snake:5)
  A hell hound (D:13)
  A centaur (D:13)
  An orc wizard (D:7)
  A white imp (IceCv)
  A shadow imp (D:13)
  2 ufetubi (IceCv)
  An orc (D:8)
  A giant spore (D:15)
  6 fungi
  3 plants
19 creatures vanquished.

Grand Total: 1410 creatures vanquished

Notes
Turn   | Place    | Note
--------------------------------------------------------------
     0 | D:1      | Fluffy, the Demonspawn Gladiator, began the quest for the Orb.
     0 | D:1      | Reached XP level 1. HP: 16/16 MP: 1/1
   315 | D:1      | Reached skill level 3 in Long Blades
   315 | D:1      | Gained mutation: When hurt, damage is shared between your health and your magic reserves. [demonic ancestry]
   315 | D:1      | Reached XP level 2. HP: 18/23 MP: 2/2
   736 | D:2      | Reached XP level 3. HP: 23/28 MP: 1/3
  1379 | D:3      | Noticed a scorpion
  1387 | D:3      | Killed a scorpion
  1387 | D:3      | Gained mutation: You regenerate magic rapidly. [demonic ancestry]
  1387 | D:3      | Reached XP level 4. HP: 28/37 MP: 2/4
  1614 | D:3      | Reached skill level 4 in Long Blades
  1733 | D:3      | Gained mutation: You are partially covered in rough black scales (AC +4, Dex -1). [demonic ancestry]
  1733 | D:3      | Reached XP level 5. HP: 12/42 MP: 3/5
  1751 | D:2      | HP: 2/42 [poisoned by a worker ant]
  1759 | D:2      | HP: 2/42 [poisoned by a worker ant]
  2870 | D:3      | Found a blossoming altar of Fedhas.
  2918 | D:4      | Got an ichor-stained leather armour
  2929 | D:4      | Identified the +2 leather armour of Sloth {rC+ MR+ Str+2} (You found it on level 4 of the Dungeon)
  3206 | D:4      | Noticed a phantom
  3227 | D:4      | Killed a phantom
  3227 | D:4      | Gained mutation: You sometimes gain a little power by taking damage. [demonic ancestry]
  3227 | D:4      | Reached XP level 6. HP: 31/50 MP: 6/6
  3344 | D:4      | Found a staircase to the Ecumenical Temple.
  3365 | Temple   | Entered the Ecumenical Temple
  3539 | Temple   | Became a worshipper of Ashenzari the Shackled
  3781 | D:4      | Reached skill level 5 in Fighting
  3868 | D:4      | Reached skill level 5 in Long Blades
  4205 | D:5      | Entered Level 5 of the Dungeon
  4254 | D:5      | Noticed Grinder
  4283 | D:5      | Killed Grinder
  4283 | D:5      | Reached skill level 6 in Fighting
  4283 | D:5      | Gained mutation: You are mostly covered in rough black scales (AC +7, Dex -2). [demonic ancestry]
  4283 | D:5      | Reached XP level 7. HP: 39/58 MP: 5/7
  5611 | D:5      | Found a glowing silver altar of Zin.
  5770 | D:6      | Reached XP level 8. HP: 57/65 MP: 6/8
  5856 | D:6      | Reached skill level 7 in Fighting
  5856 | D:6      | Reached skill level 1 in Armour
  6505 | D:6      | Noticed Edmund
  6542 | D:6      | Killed Edmund
  6705 | D:6      | Noticed Duvessa
  6721 | D:6      | Killed Duvessa
  6722 | D:6      | Noticed Dowan
  6765 | D:6      | Killed Dowan
  6920 | D:6      | Reached skill level 8 in Fighting
  7471 | D:6      | Reached XP level 9. HP: 44/74 MP: 6/9
  7546 | D:7      | Found a sand-covered staircase.
  7550 | Ossuary  | Entered an ossuary
  8318 | D:7      | Found a bloodstained altar of Trog.
  8475 | D:7      | Reached skill level 9 in Fighting
  8498 | D:7      | Noticed Crazy Yiuf
  8504 | D:7      | Killed Crazy Yiuf
  9131 | D:8      | Reached skill level 5 in Armour
  9272 | D:8      | Found a staircase to the Lair.
  9304 | D:8      | Noticed Erica
  9414 | D:8      | Found a sparkling altar of Nemelex Xobeh.
  9459 | D:8      | Found Xekkegra's Book Emporium.
  9644 | D:8      | Killed Erica
  9644 | D:8      | Reached XP level 10. HP: 40/83 MP: 10/10
  9980 | D:8      | Found a glowing golden altar of the Shining One.
  9980 | D:8      | Noticed an angel
  9981 | D:8      | Found a runed door.
 10106 | Lair:1   | Entered Level 1 of the Lair of Beasts
 10106 | Lair:1   | Noticed Radiman's ghost (powerful HOBe)
 10243 | D:9      | Found an ancient bone altar of Kikubaaqudgha.
 10243 | D:9      | Found a staircase to the Orcish Mines.
 10244 | D:9      | Found a stormy altar of Qazlal.
 10274 | D:9      | Reached skill level 10 in Fighting
 10321 | D:9      | Found a snail-covered altar of Cheibriados.
 10394 | D:9      | Found an opulent altar of Gozag.
 11148 | Lair:1   | Killed Radiman's ghost
 11247 | Lair:1   | Noticed Joseph
 11268 | Lair:1   | Gained mutation: You sometimes gain power by taking damage. [demonic ancestry]
 11268 | Lair:1   | Reached XP level 11. HP: 73/92 MP: 11/11
 11286 | Lair:1   | Killed Joseph
 11359 | Lair:1   | Noticed a black mamba
 11369 | Lair:1   | Killed a black mamba
 11369 | Lair:1   | Reached skill level 10 in Long Blades
 11484 | Lair:1   | Reached skill level 11 in Fighting
 12178 | Lair:2   | Acquired Ashenzari's first power
 12366 | Lair:2   | Found a stormy altar of Qazlal.
 13261 | Lair:3   | Noticed a five-headed hydra
 13270 | Lair:3   | Killed a one-headed hydra
 13338 | Lair:3   | Noticed a four-headed hydra
 13347 | Lair:3   | Killed a one-headed hydra
 13569 | Lair:3   | Reached skill level 12 in Fighting
 13767 | Lair:3   | Noticed a five-headed hydra
 13778 | Lair:3   | Killed a one-headed hydra
 13778 | Lair:3   | Gained mutation: You have a pair of small antennae on your head. [demonic ancestry]
 13778 | Lair:3   | Reached XP level 12. HP: 92/102 MP: 12/12
 14358 | Lair:4   | Found a staircase to the Snake Pit.
 14648 | Lair:4   | Noticed an eight-headed hydra
 14668 | Lair:4   | Killed a three-headed hydra
 14816 | Lair:4   | Reached skill level 10 in Armour
 15238 | Lair:4   | Reached skill level 13 in Fighting
 15534 | Lair:5   | Acquired Ashenzari's second power
 15561 | Lair:5   | Found a dark tunnel.
 15569 | Volcano  | Entered a volcano
 16035 | Lair:5   | Reached XP level 13. HP: 95/111 MP: 13/13
 16616 | Lair:5   | Found a snail-covered altar of Cheibriados.
 16865 | Lair:5   | Noticed an eight-headed hydra
 16882 | Lair:5   | Killed a one-headed hydra
 17114 | Lair:6   | Noticed Josephine
 17129 | Lair:5   | Killed Josephine
 17432 | Lair:6   | Found a staircase to the Snake Pit.
 17479 | Lair:6   | Identified the amulet of Xeetato {+Rage Str+4 Dex+3}
 17651 | Lair:6   | Found a staircase to the Shoals.
 18192 | Lair:6   | Reached skill level 14 in Fighting
 19273 | Lair:7   | Identified the cursed +1 rapier of the Onslaught {flame, rF+ rN+}
 19381 | Lair:7   | Noticed Rupert
 19416 | Lair:7   | Killed Rupert
 19416 | Lair:7   | Gained mutation: You have a pair of antennae on your head. [demonic ancestry]
 19416 | Lair:7   | Reached XP level 14. HP: 47/121 MP: 3/14
 19601 | Lair:8   | Entered Level 8 of the Lair of Beasts
 19940 | Lair:8   | Acquired Ashenzari's third power
 20374 | Lair:8   | Found a staircase to the Slime Pits.
 20374 | Lair:8   | Found a viscous altar of Jiyva.
 20631 | Lair:8   | Reached skill level 15 in Fighting
 21009 | Lair:8   | Identified 2 scrolls of acquirement
 21009 | Lair:8   | Identified the cursed +1 cloak of the Kraken {rN++ Int-3 SInv} (You acquired it on level 8 of the Lair of Beasts)
 21181 | Lair:8   | Found a burning altar of Makhleb.
 21503 | Lair:8   | Found a gateway to Hell.
 21703 | Lair:8   | Identified the +1 cloak of Defiance {rPois rF- rC+}
 21750 | Lair:8   | Got the dagger "Fotojez" {holy, Contam +Inv Int+2}
 22048 | Orc:1    | Entered Level 1 of the Orcish Mines
 22744 | Orc:2    | Found a roughly hewn altar of Beogh.
 22796 | Orc:2    | Found a burning altar of Makhleb.
 23432 | Orc:3    | Acquired Ashenzari's fourth power
 23812 | Orc:4    | Entered Level 4 of the Orcish Mines
 23812 | Orc:4    | Found Qoak Tia's General Store.
 23963 | Orc:4    | Noticed Saint Roka
 23974 | Orc:4    | Found a staircase to the Elven Halls.
 24317 | Orc:3    | HP: 7/184 [Saint Roka/bardiche of venom (15)]
 24322 | Orc:3    | HP: 5/184 [poisoned by Saint Roka]
 24322 | Orc:3    | HP: 1/184 [Saint Roka/bardiche of venom (4)]
 24324 | Orc:3    | Killed Saint Roka
 24875 | Orc:4    | Found a roughly hewn altar of Beogh.
 24875 | Orc:4    | Found Faibuob's Jewellery Boutique.
 25044 | Orc:4    | Reached XP level 15. HP: 130/130 MP: 15/15
 25112 | Orc:4    | Found a roughly hewn altar of Beogh.
 25155 | Orc:4    | Found a roughly hewn altar of Beogh.
 25155 | Orc:4    | Found Bemicam's Gadget Emporium.
 25456 | Orc:4    | Noticed an orc warlord
 25482 | Orc:4    | Killed an orc warlord
 25625 | Orc:4    | Found a roughly hewn altar of Beogh.
 25626 | Orc:4    | Found Ydunuosu's Antique Weapon Shoppe.
 25628 | Orc:4    | Found Utyam's Antique Armour Emporium.
 25641 | Orc:4    | Bought a brightly glowing hat for 252 gold pieces
 25649 | Orc:4    | Identified the cursed +0 hat of Anaesthesia {-Cast rElec rF+ Str+3} (You bought it in a shop on level 4 of the Orcish Mines)
 25836 | Orc:4    | Bought a scroll of identify for 36 gold pieces
 25918 | Orc:4    | Bought a runed great sword for 175 gold pieces
 25925 | Orc:4    | Bought a bloodstained chain mail for 266 gold pieces
 26147 | D:10     | Entered Level 10 of the Dungeon
 26397 | D:10     | Noticed Nergalle
 26409 | D:10     | Killed Nergalle
 26924 | D:11     | Reached skill level 16 in Fighting
 27269 | D:11     | Noticed Harold
 27279 | D:11     | Killed Harold
 28197 | D:13     | Noticed Azrael
 28210 | D:13     | Killed Azrael
 28713 | D:13     | Noticed Sonja
 28790 | D:13     | Killed Sonja
 29112 | D:14     | Reached skill level 15 in Long Blades
 29420 | D:14     | Noticed Louise
 29432 | D:14     | Cast into the Abyss (Louise)
 29458 | Abyss:1  | Paralysed by accursed screaming for 2 turns
 29468 | Abyss:1  | Paralysed by accursed screaming for 1 turns
 29640 | D:14     | Escaped the Abyss
 29657 | D:14     | Cast into the Abyss (Louise)
 29681 | D:14     | Escaped the Abyss
 29689 | D:14     | Killed Louise
 29842 | D:14     | Found a gate to the Vaults.
 29979 | D:14     | Found a sacrificial altar of Ru.
 30051 | D:15     | Entered Level 15 of the Dungeon
 30138 | D:15     | Noticed UristPineapples's ghost (powerful TrMo)
 30162 | D:15     | Killed UristPineapples's ghost
 30392 | D:15     | Identified the +7 chain mail "Omepn" {rN+ Int+4 Dex+6} (You bought it in a shop on level 4 of the Orcish Mines)
 30435 | D:15     | Gained mutation: You are completely covered in rough black scales (AC +10, Dex -3). [demonic ancestry]
 30435 | D:15     | Reached XP level 16. HP: 94/139 MP: 16/16
 30595 | D:15     | Found a staircase to the Depths.
 30673 | D:15     | Identified the +0 robe of Kaxkim {rN+ MR+} (You found it on level 1 of the Lair of Beasts)
 30673 | D:15     | Identified the +2 ring mail of Utirgh {rCorr Dex+2}
 30673 | D:15     | Identified the +2 robe of the Original Sin {rPois Str+5}
 30673 | D:15     | Identified the +8 dagger "Fotojez" {holy, Contam +Inv Int+2} (You found it on level 8 of the Lair of Beasts)
 30673 | D:15     | Upgraded the game from 0.17-a0-587-g4707e02 to 0.17-a0-649-g87edefa
 30940 | Lair:1   | Identified the +0 robe of Kaxkim {rN+ MR+} (You found it on level 1 of the Lair of Beasts)
 31147 | Snake:1  | Entered Level 1 of the Snake Pit
 31374 | Snake:1  | Reached skill level 17 in Fighting
 31913 | Snake:2  | Upgraded the game from 0.17-a0-649-g87edefa to 0.17-a0-670-g5d95ebd
 31926 | Snake:2  | Identified the +2 robe of the Sun {rPois Dex+3}
 32296 | Snake:2  | Found a white marble altar of Elyvilon.
 32300 | Snake:2  | Identified the +7 rapier "Xerus" {speed, rC- Str+5}
 33389 | Snake:3  | Reached skill level 15 in Armour
 33976 | Snake:4  | Noticed Aizul
 34012 | Snake:3  | Killed Aizul
 34210 | Snake:4  | Noticed Vashnia
 34507 | Snake:4  | Killed Vashnia
 34923 | Snake:4  | Noticed Mara
 34934 | Snake:4  | Noticed Fluffy's illusion
 34956 | Snake:4  | HP: 7/143 [Mara/nerve-wracking pain (7)]
 34974 | Snake:4  | Killed Mara
 34984 | Snake:4  | HP: 5/143 [Fluffy's illusion[Mara] (11)]
 35034 | Snake:4  | HP: 2/143 [Fluffy's illusion[Mara] (16)]
 35397 | Snake:4  | Reached XP level 17. HP: 111/149 MP: 12/17
 35494 | Snake:4  | Noticed Fluffy's illusion
 35558 | Snake:3  | Upgraded the game from 0.17-a0-670-g5d95ebd to 0.17-a0-701-gb6462b4
 35776 | Snake:4  | Killed Mara
 35862 | Snake:4  | Noticed Norris
 35876 | Snake:4  | Killed Norris
 36028 | Snake:5  | Entered Level 5 of the Snake Pit
 36034 | Snake:5  | Reached skill level 18 in Fighting
 36149 | Snake:5  | Found Amuinky's Distillery.
 36204 | Snake:5  | Bought a potion of beneficial mutation for 595 gold pieces
 36205 | Snake:5  | Gained mutation: You are agile. (Dex +2) [potion of beneficial mutation]
 37491 | Snake:5  | Found Qodokaph's Distillery.
 37748 | Snake:5  | Found Qaduah's Antique Armour Emporium.
 37777 | Snake:5  | Found Feaqosh's Antique Weapon Shop.
 37930 | Snake:5  | Got a serpentine rune of Zot
 38318 | Shoals:1 | Entered Level 1 of the Shoals
 38395 | Shoals:1 | Found Luizaanadgh's Magic Scroll Shop.
 38685 | Shoals:1 | Found Beinen's Book Shop.
 38687 | Shoals:1 | Found Sittisepp's Food Shop.
 38774 | Shoals:1 | Reached XP level 18. HP: 149/158 MP: 16/18
 39185 | Shoals:2 | Found a frozen archway.
 39215 | IceCv    | Entered an ice cave
 40366 | Shoals:2 | Reached skill level 19 in Fighting
 40478 | Shoals:2 | HP: 5/160 [octopode crusher's throw (18)]
 40479 | Shoals:2 | Killed from afar by an octopode crusher

Action                   |  1- 3 |  4- 6 |  7- 9 | 10-12 | 13-15 | 16-18 || total
-------------------------+-------+-------+-------+-------+-------+-------++-------
Melee: Long sword        |   135 |   175 |   347 |       |       |       ||   657
       Scimitar          |       |       |   545 |   922 |   619 |       ||  2086
       Great sword       |       |       |       |       |  1870 |  1587 ||  3457
Throw: Throwing net      |       |       |       |       |     5 |       ||     5
Evoke: Wand              |       |       |     1 |       |     9 |     7 ||    17
       Stone of tremors  |       |       |       |       |       |     1 ||     1
  Use: Scroll            |       |    10 |     7 |     4 |    24 |     7 ||    52
       Potion            |       |       |     1 |       |     8 |    15 ||    24
 Stab: Held in net/web   |       |       |       |       |     1 |       ||     1
       Petrified         |       |       |       |       |     1 |       ||     1
  Eat: Chunk             |     6 |    10 |    16 |    29 |    63 |    34 ||   158
       Fruit             |       |       |       |       |     3 |     6 ||     9
       Pizza             |       |       |       |       |       |     2 ||     2
       Beef jerky        |       |       |       |       |       |     5 ||     5
